 Dungeon Crawl Stone Soup version 0.22.1-2-g9c5b331383 (webtiles) character file.

10 Timopy the Sneak (level 2, -1/19 HPs)
             Began as an Octopode Assassin on Nov 16, 2018.
             Slain by a kobold
             ... wielding a +1 short sword of protection
              (2 damage)
             ... on level 1 of the Dungeon.
             The game lasted 00:00:46 (166 turns).

Timopy the Sneak (Octopode Assassin)                 Turns: 166, Time: 00:00:47

Health: -1/19      AC:  1    Str: 10    XL:     2   Next: 20%
Magic:  2/2        EV: 13    Int: 13    God:
Gold:   10         SH:  0    Dex: 13    Spells: 1/1 levels left

rFire    . . .     SeeInvis .   a - +2 dagger
rCold    . . .     Gourm    .   (no shield)
rNeg     . . .     Faith    .   (helmet restricted)
rPois    .         Spirit   .   (no amulet)
rElec    .         Reflect  .   (no ring)
rCorr    .         Harm     .   (no ring)
MR       .....                  (no ring)
Stlth    ++++......             (no ring)
HPRegen  0.06/turn              (no ring)
MPRegen  0.08/turn              (no ring)
                                (no ring)
                                (no ring)

@: no status effects
A: almost no armour, stealthy swim, amphibious, 8 rings, constrict 8, camouflage
1, gelatinous body 1
a: no special abilities


You were on level 1 of the Dungeon.
You were not hungry.

You visited 1 branch of the dungeon, and saw 1 of its levels.

You collected 10 gold pieces.

Inventory:

Hand Weapons
 a - a +2 dagger (weapon)
 b - a +0 blowgun
Missiles
 c - 8 poisoned needles
 d - 2 curare-tipped needles
 j - 3 needles of sleeping
Jewellery
 h - an uncursed ring of protection from magic {unknown}
Scrolls
 g - a scroll of remove curse {unknown}
 i - 5 scrolls of identify {unknown}
Potions
 e - a potion of flight {unknown}
Comestibles
 f - 2 rations


   Skills:
 + Level 2.0 Fighting
 + Level 2.0 Short Blades
 + Level 2.0 Throwing
 + Level 1.0 Dodging
 + Level 6.1 Stealth


You had one spell level left.
You didn't know any spells.
Your spell library was empty.

Dungeon Overview and Level Annotations

Branches:
Dungeon (1/15)

Altars:


Innate Abilities, Weirdness & Mutations

You cannot wear most types of armour.
You are very stealthy in the water. (Stealth+)
You are amphibious.
You can wear up to eight rings at the same time.
You can use your tentacles to constrict eight enemies at once.
Your skin changes colour to match your surroundings (Stealth+).
Your rubbery body absorbs attacks. (AC +1, EV +1)


Message History

Firing (i - inventory. (/) - cycle)
c - 8 poisoned needles (quivered)
Press: ? - help, Shift-Dir - straight line, f - kobold
Aim: a kobold, wielding a short sword of protection (severely wounded)
Your line of fire to the kobold is blocked by a plant.
Continue anyway?
Okay, then.
a - a +2 dagger (weapon)
The kobold hits you with a short sword of protection.
* * * LOW HITPOINT WARNING * * *
You closely miss the kobold. Your grab misses the kobold.
The kobold is severely wounded.
The kobold hits you with a short sword of protection.
* * * LOW HITPOINT WARNING * * *
Something bites the plant but does no damage.
You hit the kobold but do no damage. Your grab misses the kobold.
The kobold is severely wounded.
Something bites the plant but does no damage.
You hit the kobold but do no damage. Your grab misses the kobold.
The kobold is severely wounded.
The kobold hits you with a short sword of protection.
You die...

####### ### .....P.##
#..
♣...P################.#
♣P.KK........##...).#
♣....##@........##.#####
♣.P.P#. #.#...>†..##.#
♣♣.P#.....#(.(.......#
♣P....#####.#####.###
♣...... #.# #..# . .#.#.
#.# #.## ..#.## #.# #.
.. ### # ### ...###


You could see 2 kobolds.

Vanquished Creatures
  A ball python (D:1)
  A goblin (D:1)
  2 hobgoblins (D:1)
  4 kobolds (D:1)
  A bat (D:1)
  A rat (D:1)
10 creatures vanquished.

Notes
Turn   | Place    | Note
-------+----------+-------------------------------------------
     0 | D:1      | Timopy the Octopode Assassin began the quest for the Orb.
     0 | D:1      | Reached XP level 1. HP: 14/14 MP: 1/1
   131 | D:1      | Reached XP level 2. HP: 19/19 MP: 2/2
   142 | D:1      | Reached skill level 6 in Stealth
   166 | D:1      | Slain by a kobold

Skill      XL: |  1  2 |
---------------+-------+-----
Stealth        | 6 |  6.1
Fighting       | |  2.0
Short Blades   | |  2.0
Throwing       | |  2.0
Dodging        | |  1.0

Action                   || total
-------------------------++-------
Melee: Dagger            ||    17
       Constrict         ||     4
       Tentacles         ||     4
 Stab: Sleeping          ||     5
Dodge: Dodged            ||     7
